Map: Dusk Towers

Players

MaSa - Winner!

  • Race: Terran Terran

Bunny

  • Race: Terran Terran

Event: DreamHack Open Tours WCS Spring Championship

VOD

https://www.youtube.com/watch?v=04-P2IVIGG0

Description

Time

  • Played on: May 15, 2016, 8:20 a.m.
  • Length: 19:29

All games in this series

Show
View Real Time Build Order
Export as new Build Order

MaSa Terran - Winner!

Build Orders: Reaper Expand, Bio Tank 

Get SALT Encoding   

  12  0:00  SCV  
  13  0:13  SCV  
  14  0:17  Supply Depot  
  14  0:25  SCV  
  14  0:27  Refinery  
  15  0:39  SCV  
  16  0:44  Barracks  
  16  0:51  SCV  
  17  1:03  SCV  
  18  1:15  SCV  
  19  1:31  Orbital Command, Reaper  
  20  1:49  Command Center  
  20  1:58  Factory  
  20  2:07  Supply Depot  
  20  2:08  Marine  
  20  2:11  SCV  
  22  2:23  SCV  
  22  2:28  Marine  
  24  2:36  SCV  
  25  2:42  Hellion  
  27  2:46  Barracks Reactor  
  27  2:48  SCV  
  28  2:58  Command Center  
  28  3:03  Orbital Command  
  28  3:06  SCV  
  28  3:10  Factory Tech Lab  
  29  3:16  Starport  
  29  3:20  SCV  
  29  3:24  Refinery  
  29  3:26  Marine x2  
  32  3:32  SCV  
  33  3:35  SCV  
  34  3:42  Siege Tank  
  34  3:44  SCV, Marine  
  39  3:49  SCV  
  39  3:50  Marine  
  41  3:59  SCV  
  41  4:01  Viking  
  41  4:02  Marine  
  45  4:03  SCV  
  45  4:06  Refinery  
  45  4:09  Marine  
  47  4:11  Orbital Command  
  47  4:13  SCV  
  48  4:20  Barracks  
  48  4:21  SCV  
  48  4:23  Factory Tech Lab  
  49  4:25  SCV  
  50  4:33  SCV  
  50  4:37  Supply Depot, SCV, Marine  
  50  4:38  Stimpack  
  53  4:39  SCV  
  53  4:45  SCV  
  55  4:46  Viking  
  55  4:49  SCV  
  55  4:50  Viking  
  60  4:55  Supply Depot, SCV  
  60  4:59  Refinery, SCV  
  62  5:01  SCV, Marine  
  62  5:04  Siege Tank  
  67  5:07  SCV  
  67  5:09  Supply Depot  
  67  5:10  Barracks Reactor  
  67  5:12  SCV  
  69  5:16  SCV  
  69  5:23  Supply Depot, Marine  
  69  5:24  Viking  
  69  5:26  Viking  
  69  5:28  SCV  
  75  5:29  SCV  
  75  5:30  SCV  
  77  5:37  Engineering Bay  
  77  5:40  SCV  
  77  5:42  SCV  
  77  5:45  SCV  
  77  5:46  Marine  
  77  5:47  Marine x2  
  77  5:49  Supply Depot, Engineering Bay  
  80  5:53  SCV  
  80  5:54  SCV  
  80  5:56  Barracks  
  82  6:00  SCV  
  82  6:01  Siege Tank  
  86  6:04  Marine x2  
  86  6:05  Medivac x2  
  86  6:06  Marine  
  86  6:10  SCV x2  
  95  6:16  Supply Depot, Refinery, Terran Infantry Weapons Level 1  
  95  6:19  Terran Infantry Armor Level 1  
  95  6:20  SCV  
  95  6:22  Marine x2  
  95  6:24  SCV x2  
  99  6:26  Supply Depot, Marine  
  99  6:32  SCV  
  101  6:37  SCV x2, Siege Tank  
  101  6:39  Combat Shields  
  106  6:45  SCV, Barracks Reactor  
  106  6:46  Barracks  
  107  6:49  Supply Depot, SCV  
  107  6:50  Barracks  
  107  6:53  Marine  
  107  6:54  Medivac, Marine x2  
  110  6:56  Medivac  
  110  6:58  SCV  
  110  7:01  Supply Depot  
  116  7:02  Refinery  
  116  7:03  Supply Depot, SCV  
  116  7:05  Supply Depot  
  117  7:11  SCV x2, Siege Tank  
  117  7:15  SCV, Marine x2  
  125  7:22  Marine  
  126  7:23  SCV  
  126  7:24  Supply Depot  
  126  7:25  Barracks  
  126  7:26  Marine  
  126  7:28  Supply Depot  
  126  7:29  Medivac  
  130  7:30  Medivac, Barracks  
  130  7:31  SCV  
  130  7:33  Marine  
  130  7:35  Barracks Reactor  
  134  7:37  Sensor Tower, Barracks Reactor  
  134  7:38  Marine  
  134  7:42  Armory  
  135  7:44  Marine x3  
  135  7:47  SCV  
  135  7:51  SCV, Marine  
  141  7:55  Marine  
  141  7:58  SCV  
  137  8:02  Marine x2, Siege Tank  
  139  8:08  Marine  
  127  8:13  Marine  
  127  8:15  Medivac  
  127  8:16  Factory, Medivac  
  127  8:17  Barracks Reactor  
  127  8:19  Marine x4, Barracks Reactor  
  130  8:20  Supply Depot, Marine x2  
  130  8:22  Barracks Reactor  
  134  8:31  Marine  
  134  8:32  Marine  
  136  8:34  Siege Tank  
  136  8:37  Marine  
  136  8:40  Terran Infantry Weapons Level 2  
  140  8:41  Marine  
  140  8:42  Marine x2  
  140  8:43  Command Center, Terran Infantry Armor Level 2  
  140  8:46  Marine x2  
  145  8:49  Marine  
  145  8:53  Medivac  
  148  8:56  Marine x3  
  148  8:57  Medivac  
  148  8:59  Marine  
  148  9:00  Marine x3  
  156  9:03  Terran Vehicle Weapons Level 1  
  156  9:07  Marine x2  
  152  9:11  Marine x2  
  152  9:12  SCV  
  152  9:13  Marine x3  
  152  9:14  Marine, Siege Tank  
  152  9:17  Marine x3  
  136  9:23  Siege Tank  
  142  9:24  Viking, Marine  
  142  9:25  Marine  
  142  9:28  Marine x3  
  142  9:29  Marine x2  
  151  9:34  Marine x3  
  151  9:37  Marine x3  
  156  9:39  Refinery  
  156  9:41  Marine  
  156  9:42  Marine x2  
  156  9:44  Viking  
  156  9:45  Refinery, Marine x2  
  161  9:46  Marine  
  161  9:47  Marine x2  
  161  9:48  Sensor Tower  
  161  9:51  Siege Tank  
  161  9:52  Marine  
  170  9:55  Viking  
  170  9:57  Marine x2  
  172  10:03  Missile Turret  
  172  10:07  Marine x3  
  172  10:08  Marine x3  
  172  10:12  Marine x2  
  166  10:22  Viking  
  168  10:30  Marine x2  
  168  10:31  Marine  
  168  10:32  Command Center  
  168  10:34  Siege Tank  
  173  10:42  Viking, Marine  
  173  10:47  Marine  
  173  10:49  Marine  
  173  10:57  Supply Depot x2  
  173  11:07  Command Center  
  173  11:09  Terran Vehicle Weapons Level 2  
  173  11:19  Viking, Marine x9  
  173  11:24  Marine x4  
  187  11:26  Siege Tank  
  187  11:30  Marine  
  187  11:31  Siege Tank  
  156  11:37  Marine x5  
  156  11:38  Marine  
  133  11:41  Marine x3  
  133  11:43  Marine x2  
  136  11:47  Marine x2  
  138  11:54  Marine  
  138  11:57  Marine x2  
  138  11:58  Marine  
  138  11:59  Marine  
  141  12:02  Viking  
  141  12:03  Marine x2  
  141  12:06  Viking  
  141  12:07  Marine x2  
  145  12:15  Marine  
  146  12:22  Marine x2  
  146  12:23  Marine x2  
  146  12:24  Siege Tank  
  146  12:25  Terran Infantry Armor Level 3  
  149  12:32  Medivac  
  149  12:34  Siege Tank  
  154  12:46  Terran Infantry Weapons Level 3  
  154  12:47  Viking  
  156  12:56  Siege Tank  
  159  12:59  Marine  
  159  13:02  Medivac  
  159  13:03  Marine x2  
  164  13:06  Siege Tank  
  164  13:09  Marine x3  
  169  13:17  Medivac, Marine x2  
  172  13:25  Marine  
  173  13:28  Siege Tank  
  173  13:31  Medivac  
  173  13:34  Marine x2  
  180  13:43  Terran Vehicle Weapons Level 3  
  180  13:50  Marine x2  
  180  13:54  Marine x3  
  162  13:57  Marine x3  
  162  14:02  Marine x2  
  160  14:03  Marine  
  160  14:04  Marine  
  160  14:12  Marine x2, Siege Tank  
  160  14:15  Marine x2  
  160  14:16  Marine  
  159  14:19  Marine x2  
  159  14:21  Marine  
  162  14:24  Marine x2  
  162  14:28  Marine x2  
  162  14:29  Marine  
  162  14:31  Marine  
  168  14:35  Marine x2  
  168  14:36  Marine  
  153  14:52  Marine x3  
  155  14:58  Viking, Siege Tank x2  
  159  15:06  Marine  
  158  15:18  Orbital Command  
  158  15:30  Viking, Marine, Siege Tank x2  
  158  15:31  Marine  
  158  15:33  Marine  
  158  15:35  Marine  
  160  15:41  Marine x3  
  150  15:47  Marine  
  150  15:48  Marine  
  152  16:02  Viking x2, Siege Tank x2  
  162  16:05  Marine x4  
  166  16:24  Sensor Tower  
  166  16:26  Marine x2  
  166  16:32  Viking x2  
  172  16:33  Marine  
  172  16:34  Marine x2, Siege Tank x2  
  172  16:35  Marine x2, Command Center  
  171  16:40  Marine x2  
  171  16:41  Marine  
  174  16:47  Marine x2  
  174  16:48  Marine  
  174  16:49  Marine  
  174  16:50  Marine x2  
  156  17:03  Marine x3  
  156  17:06  Siege Tank  
  156  17:08  Factory  
  162  17:09  Marine  
  162  17:14  Siege Tank  
  166  17:30  Marine x4  
  166  17:36  Orbital Command  
  170  17:39  Refinery  
  170  17:43  Sensor Tower  
  170  17:45  Siege Tank  
  170  17:47  Marine x2, Siege Tank, Command Center  
  178  17:56  Medivac x2  
  181  18:02  Planetary Fortress  
  181  18:05  Marine x6  
  181  18:11  Marine x2  
  168  18:17  Siege Tank  
  168  18:19  Marine x2, Siege Tank  
  160  18:26  Medivac x2, Marine x2  
  166  18:28  Marine x2  
  166  18:30  Marine  
  163  18:35  Marine x3  
  163  18:38  Factory Tech Lab  
  163  18:39  Marine  
  167  18:43  Marine x2  
  167  18:44  Refinery  
  169  18:49  Siege Tank  
  169  18:51  Siege Tank  
  169  18:54  Marine  
  169  18:55  Marine x3  
  179  18:56  Medivac, Viking, Marine x3  
  179  19:01  Marine x2  
  191  19:03  SCV  
  191  19:07  Marine x2  
  191  19:09  Marine x3  
  197  19:15  SCV  
Show
View Real Time Build Order
Export as new Build Order

Bunny Terran 

Build Orders: Reaper Expand, Bio Tank 

Get SALT Encoding   

  12  0:00  SCV  
  13  0:13  SCV  
  14  0:17  Supply Depot  
  14  0:25  SCV  
  15  0:38  SCV  
  15  0:39  Barracks  
  16  0:44  Refinery  
  16  0:50  SCV  
  17  1:02  SCV  
  18  1:15  SCV  
  19  1:27  Orbital Command, Reaper  
  20  1:42  Command Center  
  20  1:52  Refinery, SCV  
  21  1:58  Supply Depot  
  21  2:05  SCV  
  22  2:11  Factory  
  22  2:15  Marine  
  23  2:20  SCV  
  24  2:32  SCV, Marine  
  26  2:44  SCV  
  26  2:51  Barracks Reactor  
  27  2:53  Orbital Command  
  27  2:55  Starport, Factory Tech Lab  
  27  2:56  SCV  
  28  3:08  SCV  
  29  3:13  Cyclone  
  29  3:19  SCV  
  33  3:21  SCV  
  34  3:31  Viking  
  34  3:32  SCV  
  34  3:33  Marine x2  
  38  3:34  SCV  
  38  3:39  Supply Depot, Engineering Bay  
  39  3:44  SCV  
  39  3:46  SCV  
  41  3:51  Siege Tank  
  44  3:57  SCV  
  44  3:58  Supply Depot, SCV  
  46  4:03  Viking  
  46  4:09  SCV  
  49  4:10  SCV  
  50  4:17  Command Center  
  50  4:21  SCV  
  50  4:22  SCV  
  52  4:29  Supply Depot  
  52  4:30  Siege Tank  
  55  4:33  SCV, Marine  
  55  4:36  Starport Reactor  
  55  4:37  SCV  
  58  4:45  SCV  
  59  4:46  Barracks  
  59  4:51  Barracks  
  59  4:52  SCV  
  60  4:56  Marine x2  
  60  4:57  SCV  
  63  5:02  Siege Tank  
  63  5:04  SCV  
  67  5:10  Refinery, Supply Depot  
  67  5:11  Refinery, SCV  
  68  5:16  SCV  
  69  5:21  Supply Depot  
  69  5:24  SCV  
  70  5:29  Medivac, Marine x2, SCV  
  70  5:30  Orbital Command  
  70  5:33  Barracks Tech Lab  
  75  5:36  SCV  
  75  5:37  Medivac  
  75  5:39  Barracks Tech Lab  
  75  5:41  SCV  
  79  5:46  Marine x2  
  79  5:48  SCV  
  79  5:53  Stimpack, Engineering Bay  
  79  5:54  SCV  
  79  5:55  Orbital Command  
  79  5:56  Supply Depot, Marine  
  81  6:02  SCV  
  81  6:03  Marine  
  83  6:04  Marine x2  
  83  6:05  Combat Shields  
  83  6:06  SCV  
  83  6:08  Medivac  
  88  6:14  SCV  
  88  6:15  Marine  
  90  6:18  Supply Depot, SCV  
  90  6:21  Marine  
  90  6:24  SCV  
  93  6:26  SCV  
  93  6:29  Terran Infantry Weapons Level 1, Terran Infantry Armor Level 1  
  93  6:30  SCV, Marine x2  
  93  6:31  Barracks  
  97  6:33  Barracks  
  97  6:36  SCV  
  97  6:37  Refinery  
  97  6:38  SCV  
  99  6:40  Refinery, Marine  
  99  6:43  SCV  
  99  6:44  Marine  
  102  6:47  Siege Tank  
  102  6:48  SCV, Marine  
  102  6:51  Supply Depot  
  102  6:52  Supply Depot, SCV  
  108  6:55  SCV  
  108  6:58  Supply Depot, Marine  
  108  6:59  Supply Depot  
  110  7:03  Factory  
  110  7:04  SCV x2  
  110  7:08  SCV  
  113  7:10  Marine, Armory  
  113  7:14  Marine  
  115  7:16  SCV  
  115  7:19  Barracks Reactor  
  115  7:21  Marine x2  
  118  7:23  Siege Tank  
  118  7:24  Marine  
  118  7:25  Sensor Tower  
  118  7:28  Marine  
  118  7:29  Supply Depot x2  
  123  7:31  Missile Turret  
  123  7:32  Marine  
  123  7:36  Supply Depot  
  124  7:38  Supply Depot, Marine  
  124  7:42  Marine  
  124  7:43  Barracks Reactor  
  126  7:46  Medivac x2, Marine  
  126  7:50  Marine  
  132  7:56  Marine  
  131  7:59  Marine x2  
  131  8:00  Marine  
  131  8:02  SCV x2  
  131  8:04  Marine  
  132  8:08  Marine  
  134  8:14  SCV, Marine  
  134  8:17  Marine x2  
  134  8:18  Marine  
  139  8:20  Marine x2  
  139  8:21  Marine  
  139  8:22  Siege Tank, Factory Tech Lab  
  139  8:26  Supply Depot, Medivac x2, Marine  
  149  8:32  Marine  
  150  8:35  Marine x2  
  150  8:36  Marine, Sensor Tower  
  150  8:38  Marine x2  
  150  8:39  Marine  
  150  8:40  Barracks  
  156  8:42  Barracks  
  156  8:44  Marine  
  156  8:47  Terran Infantry Weapons Level 2  
  157  8:50  Marine  
  157  8:51  Terran Infantry Armor Level 2  
  157  8:53  Marine x2  
  157  8:54  Marine  
  161  8:56  Marine x2  
  161  8:57  Marine  
  161  8:59  Siege Tank  
  161  9:01  Marine  
  161  9:02  Siege Tank  
  171  9:07  Marine  
  156  9:10  Marine  
  156  9:11  Marine x2  
  156  9:14  Marine x2  
  156  9:15  Marine  
  124  9:19  Marine  
  124  9:20  Medivac x2  
  129  9:25  Marine  
  129  9:28  Marine x2  
  133  9:31  Marine, Siege Tank  
  133  9:32  Marine  
  133  9:33  Marine  
  133  9:35  Marine  
  133  9:38  Marine  
  140  9:40  Command Center  
  140  9:43  Marine  
  141  9:46  Marine x2  
  141  9:48  Siege Tank  
  141  9:50  Marine x2  
  141  9:51  Marine  
  149  9:53  Marine  
  149  9:56  Marine  
  151  10:01  Marine  
  151  10:04  Marine x2  
  151  10:07  Siege Tank  
  157  10:08  Marine x2  
  157  10:09  Marine  
  157  10:12  Marine  
  157  10:13  Marine  
  158  10:19  Marine  
  158  10:20  Medivac x2, Siege Tank  
  166  10:22  Marine x2  
  166  10:25  Marine  
  166  10:26  Marine  
  166  10:27  Marine  
  171  10:29  Marine  
  171  10:31  Marine  
  173  10:37  Marine  
  173  10:39  Marine, Siege Tank  
  173  10:40  Marine  
  175  10:43  Marine  
  175  10:44  Marine  
  175  10:45  Marine  
  175  10:49  Marine x2  
  180  10:50  Viking x2  
  184  11:00  Marine x2  
  184  11:06  Siege Tank  
  184  11:07  Terran Infantry Weapons Level 3  
  184  11:11  Siege Tank  
  190  11:14  Terran Vehicle Weapons Level 1  
  190  11:15  Planetary Fortress, Marine  
  190  11:16  Marine  
  189  11:18  Refinery  
  189  11:20  Refinery  
  189  11:23  Medivac x2  
  189  11:24  Marine  
  191  11:26  Marine  
  191  11:29  Marine x2  
  191  11:31  Marine x2  
  176  11:34  Marine  
  176  11:38  Widow Mine  
  157  11:40  Marine  
  157  11:42  Marine  
  157  11:43  Siege Tank  
  160  11:48  Marine x2  
  160  11:51  Marine  
  160  11:54  Marine  
  158  12:01  Marine  
  158  12:06  Marine x2  
  158  12:07  Siege Tank  
  159  12:10  Marine x2  
  159  12:12  Command Center  
  159  12:15  Marine, Siege Tank  
  163  12:21  Marine x2  
  158  12:22  Marine  
  158  12:26  Marine x2  
  158  12:28  Marine  
  158  12:29  Marine  
  156  12:33  Marine  
  158  12:38  Marine x2  
  158  12:39  Marine x2, Siege Tank  
  158  12:40  Factory, Marine  
  158  12:43  Marine  
  158  12:44  Marine  
  168  12:46  Marine  
  168  12:47  Terran Infantry Armor Level 3, Marine, Siege Tank  
  173  12:51  Marine  
  173  12:55  Marine x2  
  173  12:57  Marine x2  
  178  12:59  Marine  
  178  13:01  Marine  
  178  13:02  Marine  
  178  13:04  Marine  
  182  13:11  Siege Tank  
  184  13:13  Marine x2  
  184  13:19  Siege Tank  
  187  13:26  Marine x2  
  189  13:28  Marine x2  
  189  13:32  Medivac  
  189  13:33  Medivac, Marine x2  
  197  13:39  Marine x2  
  199  13:41  Marine  
  200  13:51  Siege Tank  
  200  13:55  Marine  
  162  13:59  Marine x2  
  162  14:02  Medivac, Marine x2  
  160  14:04  Viking  
  160  14:07  Marine  
  161  14:10  Siege Tank  
  161  14:11  Factory Tech Lab  
  161  14:15  Marine  
  139  14:21  Marine x2  
  139  14:23  Marine x6, Siege Tank  
  144  14:24  Marine  
  145  14:32  Viking  
  145  14:33  Marine  
  145  14:34  Medivac  
  117  14:39  Marine x2  
  117  14:40  Marine x2  
  117  14:41  Marine x4  
  117  14:42  Marine  
  114  14:50  Marine  
  114  14:51  Siege Tank x2  
  121  14:57  Marine x2  
  121  14:58  Marine x2  
  121  14:59  Marine x4  
  128  15:01  Siege Tank  
  128  15:04  Marine  
  124  15:09  Marine  
  115  15:15  Marine x2  
  115  15:16  Marine  
  115  15:17  Marine x2  
  120  15:22  Marine x2  
  120  15:23  Siege Tank x2  
  128  15:32  Marine  
  128  15:35  Marine  
  115  15:39  Medivac x2  
  115  15:41  Marine  
  117  15:44  Siege Tank  
  117  15:47  Terran Vehicle Weapons Level 2  
  118  15:52  Sensor Tower  
  118  15:57  Siege Tank  
  118  16:00  Marine x2  
  123  16:11  Sensor Tower  
  123  16:12  Siege Tank  
  123  16:18  Medivac  
  128  16:23  Medivac  
  130  16:45  Marine x2  
  130  16:46  Marine x2  
  131  16:48  Marine x2  
  131  16:49  Marine  
  127  16:54  Marine x2  
  127  16:58  Medivac x2, Siege Tank  
  137  17:02  Marine  
  137  17:03  Marine  
  137  17:04  Marine x2  
  137  17:05  Marine  
  137  17:06  Marine  
  142  17:09  Siege Tank  
  142  17:10  Marine  
  142  17:11  Marine  
  147  17:17  Marine  
  147  17:20  Marine  
  149  17:22  Marine  
  149  17:23  Marine  
  149  17:28  Medivac x2  
  149  17:29  Marine  
  156  17:32  Marine  
  156  17:33  Marine  
  158  17:49  Siege Tank x2  
  158  17:50  Marine  
  158  17:51  Marine  
  166  17:54  Marine  
  167  17:59  Marine x2  
  169  18:12  Marine  
  150  18:13  Marine x2  
  150  18:16  Orbital Command  
  131  18:22  Marine x2  
  131  18:24  Marine  
  131  18:25  Marine  
  126  18:33  Medivac x2, Marine  
  126  18:34  Marine  
  105  18:37  Siege Tank  
  102  18:49  Marine  
  103  18:55  Marine  
  107  19:09  Marine x2  

Tags
 
Add a new tag
Caveats
  • Supply blocks, unpowered buildings, or Contaminate may cause inaccurate times.
  • Supply counts are checked every 10 seconds.